cohdb
Replays
Latest Replays
All Replays
Popular Replays
Top Player Replays
Match Explorer
How It Works
Community
CoH3 Stats
Reddit
Sign in to upload your games and track your stats! →
Sign in with Steam
Match 47961295
Unlisted
Match 47961295
Overview
Messages
Build Orders
End
Construct Infanterie Kompanie
Selects Breakthrough Battlegroup
Selects Assault Grenadiers
Grenadier Squad
GrW 34 Mortar Team
MG 42 Machine Gun Team
Grenadier Squad
Medical Station
Construct Panzergrenadier Kompanie
Selects Rapid Production
Selects Smoke Bombing Run
Pak 40 Anti-tank Gun Team
Construct Panzer Kompanie
Perroford
吓死乖宝宝
Nashorn101
Kale: Son of Lettuce
Tazkoodenec47 [MTRQ]
D-Gaming Nation (MTRQA)
0
0
Comments
sign in to comment!
No comments posted yet!